 Dungeon Crawl Stone Soup version 0.19.1-1-g22dce08 (webtiles) character file.

1513 nikopol the Skirmisher (level 8, -12/78 HPs)
             Began as a Gargoyle Berserker on Jan 7, 2017.
             Was a Priest of Trog.
             Mangled by an orc warrior
             ... wielding a +0 trident
              (17 damage)
             ... on level 6 of the Dungeon on Jan 8, 2017.
             The game lasted 00:11:27 (5919 turns).

nikopol the Skirmisher (Gargoyle Berserker)         Turns: 5919, Time: 00:11:27

Health: -12/78     AC: 14    Str: 26    XL:     8   Next: 83%
Magic:  8/8        EV: 12    Int:  8    God:    Trog [***...]
Gold:   416        SH:  0    Dex: 11    Spells: 0 memorised, 7 levels left

rFire  . . .     SeeInvis .     a - +0 hand axe
rCold  . . .     Gourm    .     L - +0 scale mail
rNeg   + . .     Faith    .     (no shield)
rPois  ∞         Spirit   .     (no helmet)
rElec  +         Reflect  .     B - +0 cloak (curse)
rCorr  .         Harm     .     (no gloves)
MR     .....                    (no boots)
Stlth  ..........               (no amulet)
                                (no ring)
                                (no ring)

@: berserking, very quick
A: negative energy resistance 1, electricity resistance, unbreathing,
petrification resistance, rot immunity, AC +5
a: Berserk, Trog's Hand, Burn Spellbooks, Renounce Religion


You were on level 6 of the Dungeon.
You worshipped Trog.
Trog was most pleased with you.
You were very hungry.

You visited 1 branch of the dungeon, and saw 6 of its levels.

You collected 416 gold pieces.

Inventory:

Hand Weapons
 a - a +0 hand axe (weapon)
Missiles
 n - 103 arrows (quivered)
Armour
 b - a +0 animal skin
 k - a +0 ring mail
 B - a cursed +0 cloak (worn)
 L - a +0 scale mail (worn)
Jewellery
 e - an uncursed amulet of harm {unknown}
 j - a cursed -3 ring of evasion {unknown}
 r - an uncursed ring of ice {unknown}
 D - an uncursed ring of wizardry {unknown}
Wands
 C - a wand of flame (28/48)
Scrolls
 d - 2 scrolls of fog {unknown}
 h - 2 scrolls of remove curse {unknown}
 i - a scroll of enchant armour {unknown}
 m - 8 scrolls of identify {unknown}
 o - a scroll of random uselessness {unknown}
 p - a scroll of noise {unknown}
 t - a scroll of teleportation {unknown}
 v - 3 scrolls of blinking {unknown}
 w - a scroll of recharging {unknown}
 x - a scroll of amnesia {unknown}
 H - a scroll of magic mapping {unknown}
 J - a scroll of enchant weapon {unknown}
Potions
 g - 3 potions of magic {unknown}
 l - a potion of lignification {unknown}
 s - a potion of degeneration {unknown}
 z - a potion of berserk rage {unknown}
 A - 2 potions of curing {unknown}
 E - 2 potions of haste {unknown}
 F - a potion of flight {unknown}
 G - a potion of agility {unknown}
 K - 2 potions of heal wounds {unknown}
Books
 y - a book of Necromancy

   Spells                             Type                      Level
   a - Pain                           Necromancy                   1
   b - Animate Skeleton               Necromancy                   1
   c - Vampiric Draining              Necromancy                   3
   d - Regeneration                   Charms/Necromancy            3
   e - Animate Dead                   Necromancy                   4
   f - Control Undead                 Necromancy                   4
   Trog disapproves of the use of such an item.
Comestibles
 c - 7 bread rations
 f - 5 meat rations
 q - 3 fruits
 u - 2 beef jerkies
 I - a slice of pizza
 M - 3 chunks of flesh


   Skills:
 + Level 6.7 Fighting
 + Level 5.3 Axes
 + Level 6.4 Armour
 + Level 4.7 Dodging


You had 7 spell levels left.
You didn't know any spells.

Dungeon Overview and Level Annotations

Branches:
Dungeon (6/15)
 Temple: D:4-7

Altars:
Qazlal
Ru


Innate Abilities, Weirdness & Mutations

You are resistant to torment.
Your stone body is resilient. (AC +5)
You are immune to poison.
You resist negative energy. (rN+)
You are resistant to electric shocks. (rElec)
You can survive without breathing.
You are immune to petrification.
You are immune to rotting.


Message History

The orc warrior closely misses you.
The crimson imp blinks!
You hit the orc warrior.
The orc warrior is lightly wounded.
The orc warrior hits you with a trident.
* * * LOW HITPOINT WARNING * * *
You closely miss the orc warrior.
The orc warrior is lightly wounded.
You hit the orc warrior but do no damage.
The orc warrior is lightly wounded.
The orc warrior closely misses you.
You hit the orc warrior.
The orc warrior is moderately wounded.
The orc warrior hits you with a trident.
* * * LOW HITPOINT WARNING * * *
You closely miss the orc warrior.
The orc warrior is moderately wounded.
You slash the orc warrior!
The orc warrior is severely wounded.
The orc warrior hits you with a trident!
You die...

#.# #.# #.# #.#
#.# ## #.# .$
#.#
####o########.#
#...5o@)......#
#.#############


You could see an orc warrior, a crimson imp and an orc.

Vanquished Creatures
  Pikel (D:5)
  Grinder (D:4)
  A black bear (D:5)
  A slave (D:5)
  A bullfrog (D:6)
  A howler monkey (D:4)
  2 crimson imps
  A bullfrog zombie (D:6)
  A hound (D:5)
  4 orc wizards
  Crazy Yiuf (D:4)
  Natasha (thrice) (D:3)
  2 iguanas
  5 worker ants
  6 adders
  An ooze (D:4)
  An adder zombie (D:6)
  An adder skeleton (D:4)
  3 worms
  A dart slug (D:3)
  6 leopard geckos
  8 orcs
  2 ball pythons
  5 giant cockroaches
  9 goblins
  8 hobgoblins
  4 jackals
  2 quokkas
  8 bats
  2 frilled lizards
  A jackal zombie (D:6)
  12 kobolds
  A leopard gecko skeleton (D:4)
  7 rats
113 creatures vanquished.

Notes
Turn   | Place    | Note
-------+----------+-------------------------------------------
     0 | D:1      | nikopol the Gargoyle Berserker began the quest for the Orb.
     0 | D:1      | Reached XP level 1. HP: 14/14 MP: 1/1
    82 | D:1      | Reached XP level 2. HP: 19/19 MP: 2/2
   377 | D:1      | Reached XP level 3. HP: 8/23 MP: 3/3
  1309 | D:2      | Reached ** piety under Trog
  2011 | D:3      | Reached XP level 4. HP: 14/29 MP: 4/4
  2518 | D:3      | Found a faded altar of an unknown god.
  2518 | D:3      | Found a faded altar of an unknown god.
  2523 | D:3      | Found a faded altar of an unknown god.
  2525 | D:3      | Found a sacrificial altar of Ru.
  2526 | D:3      | Found a faded altar of an unknown god.
  2705 | D:3      | Noticed Natasha
  2731 | D:3      | Killed Natasha
  2876 | D:3      | Noticed Natasha
  2883 | D:3      | Reached XP level 5. HP: 19/33 MP: 5/5
  2888 | D:3      | Killed Natasha
  2959 | D:3      | Noticed Natasha
  3098 | D:3      | Killed Natasha
  3545 | D:4      | Reached *** piety under Trog
  3545 | D:4      | Reached XP level 6. HP: 33/39 MP: 6/6
  3962 | D:4      | Found a runed door.
  4046 | D:4      | Noticed Grinder
  4055 | D:4      | Paralysed by Grinder for 5 turns
  4064 | D:4      | Paralysed by Grinder for 2 turns
  4068 | D:4      | Paralysed by Grinder for 6 turns
  4080 | D:4      | Killed Grinder
  4080 | D:4      | Reached skill level 5 in Fighting
  4080 | D:4      | Reached skill level 5 in Armour
  4080 | D:4      | Reached XP level 7. HP: 16/44 MP: 7/7
  4351 | D:4      | Noticed Crazy Yiuf
  4365 | D:4      | Killed Crazy Yiuf
  4524 | D:5      | Entered Level 5 of the Dungeon
  5016 | D:5      | Found a stormy altar of Qazlal.
  5125 | D:5      | Noticed Pikel
  5142 | D:5      | Killed Pikel
  5142 | D:5      | Reached skill level 5 in Axes
  5142 | D:5      | Reached XP level 8. HP: 50/52 MP: 8/8
  5919 | D:6      | Mangled by an orc warrior

Skill      XL: |  1  2  3  4  5  6  7 |
---------------+----------------------+-----
Dodging        | 2 3 4 |  4.7
Axes           | 3 4 5 |  5.3
Armour         | 3 4 5 6 |  6.4
Fighting       | 4 5 6 |  6.7

Action                   |  1- 3 |  4- 6 |  7- 9 || total
-------------------------+-------+-------+-------++-------
Melee: Hand axe          |   141 |   240 |   218 ||   599
Invok: Berserk           |     1 |     2 |     2 ||     5
  Eat: Chunk             |     3 |    11 |     4 ||    18
       Royal jelly       |       |       |     1 ||     1
       Fruit             |       |       |     1 ||     1
Armor: Animal skin       |    21 |       |       ||    21
       Ring mail         |    24 |   154 |    55 ||   233
       Scale mail        |       |       |    60 ||    60
Dodge: Dodged            |    88 |   183 |   110 ||   381
